 Dungeon Crawl Stone Soup version 0.30-a0-172-gc5509c9e31 (webtiles) character file.

Game seed: 12877686870843502562

46 qw the Chopper (level 3, -6/23 HPs)
             Began as a Gargoyle Fighter on Oct 1, 2022.
             Mangled by Sigmund
             ... wielding a +0 scythe
              (9 damage)
             ... on level 2 of the Dungeon.
             The game lasted 00:00:31 (901 turns).

qw the Chopper (Gargoyle Fighter)                    Turns: 901, Time: 00:00:32

Health: -6/23      AC: 10    Str: 21    XL:     3   Next: 68%
Magic:  3/3        EV:  9    Int:  8    God:
Gold:   85         SH:  4    Dex:  9    Spells: 2/2 levels left

rFire   . . .      SeeInvis .    Y - +0 war axe
rCold   . . .      Faith    .    c - +0 buckler
rNeg    + . .      Spirit   .    b - +0 scale mail
rPois   inf        Reflect  .    (no helmet)
rElec   +          Harm     .    (no cloak)
rCorr   .          Rampage  .    (no gloves)
Will    .....                    (no boots)
Stlth   ..........               (no amulet)
HPRegen 0.23/turn                (no ring)
MPRegen 0.08/turn                (no ring)

@: no status effects
A: sickness immunity, AC +3, negative energy resistance 1, electricity
resistance, torment resistance 1, petrification resistance
a: no special abilities


You were on level 2 of the Dungeon.
You visited 1 branch of the dungeon, and saw 2 of its levels.

You collected 85 gold pieces.


Innate Abilities, Weirdness & Mutations

You are immune to sickness and miasma.
Your stone body is resilient. (AC +3)
You are immune to poison.
You resist negative energy. (rN+)
You are resistant to electric shocks. (rElec)
You are resistant to unholy torment.
You are immune to petrification.


   Skills:
 - Level 3.2 Fighting
 + Level 3.5 Axes
 - Level 3.2 Armour
 - Level 3.2 Shields


You had 2 spell levels left.
You didn't know any spells.
Your spell library was empty.

Inventory:

Hand Weapons
 l - a +0 whip
 Y - a +0 war axe (weapon)
Armour
 a - a +0 cloak
 b - a +0 scale mail (worn)
 c - a +0 buckler (worn)
 g - a +0 pair of boots
Jewellery
 j - a +4 ring of protection
 m - a ring of protection from cold
 n - a ring of positive energy
Scrolls
 k - a scroll of identify
Potions
 d - a potion of might
 f - 2 potions of lignification
 h - a potion of flight {unknown}
 i - a potion of heal wounds {unknown}
 o - a potion of haste {unknown}

Dungeon Overview and Level Annotations

Branches:
Dungeon (2/15)

Altars:

Annotations:
D:2 Sigmund


Message History

Sigmund is moderately wounded.
The bat closely misses you.
Sigmund screams, "Die, monster!"
Sigmund closely misses you.
You closely miss Sigmund.
Sigmund is moderately wounded.
You barely miss the bat. The bat hits you but does no damage.
The bat closely misses you. Sigmund hits you with a +0 scythe.
The bat hits you but does no damage.
You barely miss the bat. The bat hits you. The bat hits you but does no damage.
Sigmund misses you.
Sigmund screams, "Die, monster!"
Sigmund misses you. The bat barely misses you.
You're too confused to move!
The bat hits you but does no damage. Sigmund hits you but does no damage.
You feel less confused. The bat hits you but does no damage.
You hit the bat.
The bat is severely wounded.
The bat barely misses you.
Sigmund laughs darkly.
Sigmund casts a spell at you. The magic dart hits you.
The bat barely misses you. The bat hits you but does no damage.
You slash the bat!
You kill the bat!
Sigmund mumbles some strange words.
Sigmund flickers and vanishes!
Deactivating autopickup; reactivate with Ctrl-A.
Something hits you.
You barely miss something. Something hits you but does no damage.
You miss something. You block something's attack.
You barely miss something. Something hits you.
You barely miss something. Something hits you!
You die...

####### ##.....##
##.......## #.........#
#.........# #..$......#
#.........# ..
#.....@{..##### ..
#.............#######..
#......................
#.........###.###......
#.........# #..##......
#.........# ##.##......
##.......## #.........
##.....## ####......
###### #......


There were no monsters in sight!

Vanquished Creatures
  A dart slug (D:2)
  7 endoplasms
  2 giant cockroaches
  3 goblins
  4 hobgoblins (D:2)
  2 jackals (D:2)
  5 quokkas
  A ball python (D:2)
  6 bats
  4 frilled lizards (D:1)
  2 kobolds
  A rat (D:1)
38 creatures vanquished.

Vanquished Creatures (others)
  2 fungi (D:2)
  A plant (D:2)
3 creatures vanquished.

Grand Total: 41 creatures vanquished

Notes
Turn   | Place    | Note
-------+----------+-------------------------------------------
     0 | D:1      | qw the Gargoyle Fighter began the quest for the Orb.
     0 | D:1      | Reached XP level 1. HP: 14/14 MP: 1/1
     0 | D:1      | 0 ||| qw: Version: 0.2-a-13-gfc7b4b4
     0 | D:1      | 0 ||| qw: Game counter: 1821
     0 | D:1      | 0 ||| qw: Always use a shield: true
     0 | D:1      | 0 ||| qw: God list: Okawaru
     0 | D:1      | 0 ||| qw: Allow faded altars: false
     0 | D:1      | 0 ||| qw: Do Orc after D:15 true
     0 | D:1      | 0 ||| qw: Do second Lair branch before Depths: true
     0 | D:1      | 0 ||| qw: Lair rune preference: random
     0 | D:1      | 0 ||| qw: Plans: Normal, Zot:1-4, God:TSO, Crypt, Tomb,
                  | Pan, Slime:5, Hells, Abyss, Orb
     0 | D:1      | 0 ||| PLANNING D:1-11
    28 | D:1      | 28 ||| Stepping ~*~*~tactically~*~*~ (stealth).
    30 | D:1      | 30 ||| Stepping ~*~*~tactically~*~*~ (stealth).
    51 | D:1      | You fall into a shaft and drop 1 floor!
    91 | D:2      | 91 ||| FLEEEEING.
    92 | D:2      | 92 ||| STAIRDANCE
   124 | D:1      | Reached XP level 2. HP: 19/19 MP: 2/2
   316 | D:1      | 316 ||| Stepping ~*~*~tactically~*~*~ (stealth).
   317 | D:1      | 317 ||| Stepping ~*~*~tactically~*~*~ (stealth).
   324 | D:1      | Reached skill level 3 in Axes
   417 | D:1      | 417 ||| DROPPING +0 club.
   543 | D:1      | Reached XP level 3. HP: 23/23 MP: 3/3
   582 | D:1      | 582 ||| DROPPING scarf of invisibility.
   583 | D:1      | 583 ||| READING scroll labelled FEOBYRA WEIR.
   588 | D:1      | 588 ||| READING 3 scrolls labelled RUEXKE HODOW.
   589 | D:1      | 589 ||| READING 2 scrolls of identify.
   589 | D:1      | 589 ||| IDENTIFYING fizzy green potion
   654 | D:2      | 654 ||| Stepping ~*~*~tactically~*~*~ (stealth).
   700 | D:2      | 700 ||| Stepping ~*~*~tactically~*~*~ (stealth).
   705 | D:2      | 705 ||| Stepping ~*~*~tactically~*~*~ (stealth).
   835 | D:2      | Found a faded altar of an unknown god.
   878 | D:2      | Noticed Sigmund
   896 | D:2      | HP: 5/23 [something (5)]
   901 | D:2      | Mangled by Sigmund

Levels and vault maps discovered:
D:1:      matt_arrival_refuge, layout_rooms
D:2:      layout_rooms, shapermc_ecumenical_altar_mp_ritualfount, uniq_sigmund

Skill      XL: |  1  2 |
---------------+-------+-----
Axes           | 2 3 |  3.5
Fighting       | |  3.2
Armour         | |  3.2
Shields        | |  3.2

Action                   || total
-------------------------++-------
Melee: War axe           ||    64
Throw: Boomerang         ||    57
  Use: Scroll            ||     3
Armor: Scale mail        ||    33
Dodge: Dodged            ||    36
Block: Buckler           ||     9

Table legend:
 A = Non-vault XP
 B = Vault XP
 C = Vault XP percentage of total XP
 D = Non-vault monster count
 E = Vault monster count
 F = Vault count percentage of total count
                 A         B        C        D         E       F
            +---------+---------+-------+---------+---------+-------
      Total |      67 |       0 |   0.0 |      38 |       0 |   0.0
            +---------+---------+-------+---------+---------+-------
        D:1 |      30 |       0 |   0.0 |      19 |       0 |   0.0
        D:2 |      37 |       0 |   0.0 |      19 |       0 |   0.0
            +---------+---------+-------+---------+---------+-------
